 Dungeon Crawl Stone Soup version 0.24.0-2-g5b39cebb1c (webtiles) character file.

Game seed: 6644937186447143832, levelgen mode: deterministic

1895 Mrkan the Cleaver (level 8, -4/63 HPs)
             Began as a Minotaur Fighter on Oct 31, 2019.
             Was a Priest of Hepliaklqana.
             Slain by a white ugly thing (10 damage)
             ... on level 7 of the Dungeon.
             The game lasted 00:13:32 (5518 turns).

Mrkan the Cleaver (Minotaur Fighter)                Turns: 5518, Time: 00:13:33

Health: -4/63      AC: 14    Str: 20    XL:     8   Next: 93%
Magic:  10/10      EV:  4    Int:  5    God:    Hepliaklqana [***...]
Gold:   315        SH: 11    Dex: 13    Spells: 7/7 levels left

rFire    . . .     SeeInvis .   a - +0 war axe
rCold    . . .     Gourm    .   c - +1 shield
rNeg     . . .     Faith    .   B - +0 plate armour
rPois    .         Spirit   .   (helmet restricted)
rElec    .         Reflect  .   (no cloak)
rCorr    .         Harm     .   (no gloves)
MR       .....                  b - +0 pair of boots
Stlth    ..........             (no amulet)
HPRegen  0.20/turn              (no ring)
MPRegen  0.12/turn              (no ring)

@: lethally poisoned (-4 -> -5)
A: retaliatory headbutt, reduced essence, horns 2
a: Recall Ancestor, Ancestor Identity, Transference, Renounce Religion


You were on level 7 of the Dungeon.
You worshipped Hepliaklqana.
Hepliaklqana was most pleased with you.
You were not hungry.

You visited 1 branch of the dungeon, and saw 7 of its levels.

You collected 411 gold pieces.
You spent 96 gold pieces at shops.

Inventory:

Hand Weapons
 a - a +0 war axe (weapon)
 F - the +5 mace of Tartarus {drain, +Inv rC+++ MP-9 Int-2}
   (You found it on level 5 of the Dungeon)

   A truly terrible weapon, it drains the life of those it strikes.
   It affects your intelligence (-2).
   It renders you almost immune to cold.
   It affects your magic capacity (-9).
   It lets you turn invisible.
Armour
 b - a +0 pair of boots (worn)
 c - a +1 shield (worn)
 B - a +0 plate armour (worn)
 E - a +0 cloak
Jewellery
 e - a +1 ring of protection {unknown}
 g - an uncursed ring of magical power {unknown}
 o - an uncursed ring of ice {unknown}
 p - an uncursed ring of protection from fire {unknown}
 w - an uncursed ring of resist corrosion {unknown}
 x - a cursed amulet of inaccuracy {unknown}
Wands
 d - a wand of paralysis (5)
 v - a wand of polymorph (21)
Scrolls
 h - 6 scrolls of remove curse
 k - 3 scrolls of identify
 m - a scroll of summoning {unknown}
 s - a scroll of enchant armour
 y - a scroll of teleportation
Potions
 i - a potion of agility {unknown}
 j - a potion of cancellation {unknown}
 l - a potion of haste {unknown}
 n - a potion of berserk rage {unknown}
 r - a potion of flight {unknown}
 u - a potion of might
 z - 2 potions of heal wounds
 A - 2 potions of curing
Comestibles
 f - 8 rations
 D - 3 chunks of flesh


   Skills:
 + Level 6.8 Fighting
 * Level 8.6 Axes
 + Level 6.8 Armour
 + Level 6.7 Shields
 + Level 4.0 Invocations


You had 7 spell levels left.
You didn't know any spells.
Your spell library contained the following spells:

 Spells                   Type           Power        Failure   Level  Hunger
 Magic Dart               Conj           #...         100%        1    ##.....
 Blink                    Tloc           N/A          100%        2    ###....
 Call Imp                 Summ           #.......     100%        2    ###....
 Slow                     Hex            #.......     100%        2    ###....
 Conjure Flame            Conj/Fire      #.......     100%        3    ####...
 Mephitic Cloud           Conj/Pois/Air  #.......     100%        3    ####...


Dungeon Overview and Level Annotations

Branches:
Dungeon (7/15)             Temple (0/1) D:5

Altars:
Ashenzari
Hepliaklqana
Qazlal
Ru
Sif Muna

Shops:
D:4 }[![[


Innate Abilities, Weirdness & Mutations

You reflexively headbutt those who attack you in melee.
You have a pair of horns on your head.
Your life essence is reduced to manifest your ancestor. (-10% HP)


Message History

The white ugly thing freezes you!
You closely miss the white ugly thing.
You headbutt the white ugly thing, but do no damage.
You block the white ugly thing's attack.
You hit the white ugly thing.
The white ugly thing is lightly wounded.
The white ugly thing gores you. The white ugly thing freezes you!!
* * * LOW HITPOINT WARNING * * *
You closely miss the white ugly thing. You headbutt the white ugly thing.
The white ugly thing is lightly wounded.
You feel sick.
The white ugly thing gores you but does no damage.
Your shield and plate armour prevent you from hitting the white ugly thing.
The white ugly thing is lightly wounded.
The white ugly thing gores you but does no damage.
You block the white ugly thing's attack.
You closely miss the white ugly thing.
The white ugly thing is lightly wounded.
You feel sick. The white ugly thing gores you!
You die...

#. # .. .# #.#
##.# .# #.. ..#
.. #.# #.# y# #)#
##.#########y####
#.#
#........R@uy...#
#.#
#.#.###.#######$#
#.# #.#.# #.#
#.###.#.###.#
#.<.........#
##.....######
####.##..#
.........#
####.###.#


You could see the friendly Sigi the hexer, a white ugly thing and 3 killer bees.

Vanquished Creatures
  A black bear (D:6)
  A sky beast (D:6)
  2 phantoms
  An ice beast (D:5)
  A centaur (D:6)
  An ogre (D:5)
  2 bullfrogs (D:6)
  A scorpion (D:4)
  5 wights
  A bullfrog zombie (D:5)
  3 crimson imps
  A hound (D:5)
  4 orc wizards
  Crazy Yiuf (D:5)
  3 worker ants
  A howler monkey skeleton (D:5)
  7 adders
  2 shadow imps (D:6)
  An ooze (D:5)
  An adder zombie (D:5)
  A worm (D:2)
  9 dart slugs
  8 leopard geckos
  8 orcs
  5 giant cockroaches
  12 goblins
  7 hobgoblins
  10 jackals
  10 kobolds
  A quokka (D:3)
  5 bats
  7 frilled lizards
  5 rats
128 creatures vanquished.

Vanquished Creatures (collateral kills)
  Eustachio (D:4)
  A phantom (D:4)
  2 adders
  A dart slug (D:4)
  3 leopard geckos
  2 orcs
  3 goblins
  A hobgoblin (D:2)
  2 jackals (D:4)
  A quokka (D:4)
  A frilled lizard (D:3)
  2 rats
20 creatures vanquished.

Vanquished Creatures (others)
  2 hexers (D:5)
  3 ancestors
5 creatures vanquished.

Grand Total: 153 creatures vanquished

Notes
Turn   | Place    | Note
-------+----------+-------------------------------------------
     0 | D:1      | Mrkan the Minotaur Fighter began the quest for the Orb.
     0 | D:1      | Reached XP level 1. HP: 19/19 MP: 0/0
    33 | D:1      | Reached XP level 2. HP: 27/27 MP: 1/1
    97 | D:1      | Reached skill level 3 in Axes
   805 | D:2      | Reached XP level 3. HP: 33/33 MP: 2/2
   902 | D:2      | Reached XP level 4. HP: 35/40 MP: 3/3
   926 | D:2      | Found a shimmering blue altar of Sif Muna.
   927 | D:2      | Found a hazy altar of Hepliaklqana.
   933 | D:2      | Became a worshipper of Hepliaklqana the Forgotten
  1375 | D:3      | Found a shattered altar of Ashenzari.
  1424 | D:3      | Reached skill level 4 in Axes
  1849 | D:3      | Reached * piety under Hepliaklqana
  2009 | D:4      | Found a sacrificial altar of Ru.
  2016 | D:4      | Found a stormy altar of Qazlal.
  2041 | D:4      | Found Vop Nac's Antique Armour Shoppe.
  2049 | D:4      | Noticed a phantom
  2053 | D:4      | Reached XP level 5. HP: 26/42 MP: 4/4
  2222 | D:4      | Reached skill level 1 in Invocations
  2545 | D:3      | Reached skill level 5 in Axes
  2545 | D:3      | Reached XP level 6. HP: 30/49 MP: 4/6
  2556 | D:3      | Reached skill level 5 in Fighting
  2556 | D:3      | Reached skill level 5 in Shields
  2810 | D:4      | Reached skill level 5 in Armour
  2961 | D:4      | Found Risirph's Gadget Shoppe.
  3175 | D:4      | Noticed Eustachio
  3207 | D:4      | Killed Eustachio
  3207 | D:4      | Reached skill level 6 in Axes
  3207 | D:4      | Reached XP level 7. HP: 20/54 MP: 7/7
  3255 | D:4      | Found Ponlonun's Distillery.
  3258 | D:4      | Bought a potion of heal wounds for 60 gold pieces
  3258 | D:4      | Bought a potion of curing for 36 gold pieces
  3455 | D:4      | Found Plog's Armour Shoppe.
  3639 | D:4      | Found Bas Byon's Antique Armour Shoppe.
  3734 | D:5      | Entered Level 5 of the Dungeon
  3833 | D:5      | Reached ** piety under Hepliaklqana
  3834 | D:5      | Remembered your ancestor Sigi as a hexer
  3955 | D:5      | Reached skill level 7 in Axes
  3955 | D:5      | Reached XP level 8. HP: 46/63 MP: 9/9
  4092 | D:5      | Found a runed translucent door.
  4093 | D:5      | Noticed Crazy Yiuf
  4114 | D:5      | Found a staircase to the Ecumenical Temple.
  4751 | D:5      | Killed Crazy Yiuf
  4767 | D:5      | Got a crystal mace
  4877 | D:6      | Identified the +5 mace of Tartarus {drain, +Inv rC+++ MP-9
                  | Int-2} (You found it on level 5 of the Dungeon)
  5053 | D:6      | Reached skill level 8 in Axes
  5366 | D:6      | Reached *** piety under Hepliaklqana
  5506 | D:7      | Noticed a white ugly thing
  5518 | D:7      | Slain by a white ugly thing

Levels and vault maps discovered:
D:1:      dpeg_arrival_court, layout_basic, minivault_25, hex_large,
          serial_bayou_crossing
D:2:      layout_rooms, gammafunk_temple_overflow_pools,
          wander_ebering_terrifying_dragon_lair
D:3:      layout_rooms, lemuel_crystal_altar, serial_bayou_lake_a
D:4:      kennysheep_slugbush, layout_gridville,
          amethyst_overflow_temple_binary, first_ration, serial_shops, shop,
          shop, shop, kennysheep_mini, nicolae_shop_trees, serial_bayou_pond_a,
          minmay_splitting_lines, uniq_eustachio
D:5:      corexii_shack_village, layout_loops_corners,
          minmay_temple_entry_enclosed_plants, uniq_crazy_yiuf_cottage
D:6:      layout_loops_ring, minivault_27, minmay_misc_feat_encased
D:7:      minmay_opposing_rooms, layout_loops_ring, grunt_ogre_cave

Skill      XL: |  1  2  3  4  5  6  7  8 |
---------------+-------------------------+-----
Axes           | 3 4 5 6 7 8 |  8.6
Armour         | 4 5 6 |  6.8
Shields        | 4 5 6 |  6.7
Fighting       | 4 5 6 |  6.8
Invocations    | 1 2 3 4 |  4.0

Action                   |  1- 3 |  4- 6 |  7- 9 || total
-------------------------+-------+-------+-------++-------
Melee: War axe           |    69 |   160 |   158 ||   387
       Headbutt          |    10 |    26 |    35 ||    71
       Unarmed           |       |       |    10 ||    10
Invok: Ancestor Identity |       |     1 |       ||     1
       Ancestor Life: He |       |       |     1 ||     1
       Recall Ancestor   |       |       |     1 ||     1
  Use: Potion            |       |     1 |       ||     1
       Scroll            |       |       |     9 ||     9
 Stab: Distracted        |       |       |     1 ||     1
       Confused          |       |       |     1 ||     1
  Eat: Chunk             |       |     8 |     7 ||    15
Armor: Scale mail        |    31 |    89 |     6 ||   126
       Plate armour      |       |       |    69 ||    69
Dodge: Dodged            |    15 |    54 |    33 ||   102
Block: Shield            |    29 |   110 |    73 ||   212
